 Dungeon Crawl Stone Soup version 0.27.1 (webtiles) character file.

Game seed: 16525951032533612697

123 Kinoniko the Slasher (level 4, -1/57 HPs)
             Began as a Draconian Fighter on Sept 2, 2021.
             Slain by an orc (4 damage)
             ... on level 3 of the Dungeon.
             The game lasted 00:01:59 (3026 turns).

Kinoniko the Slasher (Draconian Fighter)            Turns: 3026, Time: 00:02:00

Health: -1/57      AC: 22    Str: 19    XL:     4   Next: 79%
Magic:  4/4        EV:  2    Int:  8    God:
Gold:   83         SH:  9    Dex: 11    Spells: 3/3 levels left

rFire    . . .     SeeInvis .   a - +0 long sword
rCold    . . .     Faith    .   b - +0 kite shield
rNeg     + + +     Spirit   .   (armour unavailable)
rPois    +         Reflect  .   (helmet currently unavailable)
rElec    .         Harm     .   (cloak currently unavailable)
rCorr    .         Rampage  .   (gloves currently unavailable)
Will     .....     NoTele   +   (boots currently unavailable)
Stlth    +.........             (no amulet)
HPRegen  0.19/turn              (no ring)
MPRegen  0.09/turn              (no ring)

@: mighty, lethally poisoned (-1 -> -7), tree-form
A: stationary, stasis, torment immunity, boosted hp, AC +5, unfitting armour,
(cold-blooded)
a: no special abilities


You were on level 3 of the Dungeon.
You were a tree.
You visited 1 branch of the dungeon, and saw 4 of its levels.

You collected 83 gold pieces.

Inventory:

Hand Weapons
 a - a +0 long sword (weapon)
Armour
 b - a +0 kite shield (worn)
 i - a +0 cloak (melded)
Wands
 l - a wand of acid (10)
Scrolls
 h - a scroll of immolation {unknown}
 j - a scroll of teleportation {unknown}
 k - a scroll of identify {unknown}
 m - a scroll of fog {unknown}
 n - a scroll of enchant armour {unknown}
Potions
 c - 2 potions of might
 d - a potion of invisibility {unknown}
 e - 2 potions of lignification
 f - a potion of curing {unknown}
 g - a potion of haste {unknown}


   Skills:
 - Level 3.2 Fighting
 * Level 3.9 Long Blades
 + Level 3.4 Dodging
 + Level 3.6 Shields


You had 3 spell levels left.
You didn't know any spells.
Your spell library was empty.

Dungeon Overview and Level Annotations

Branches:
Dungeon (4/15)
 Temple: D:4-7

Altars:

Shops:
D:2 !   D:4 [


Innate Abilities, Weirdness & Mutations

You are a tree.
Your roots penetrate the ground, keeping you stationary.
You cannot be teleported.
You are immune to unholy pain and torment.
Your maximum health is greatly increased.
Your equipment is partially melded.
((Your plain brown scales are hard. (AC +5)))
You cannot fit into any form of body armour.
((You are cold-blooded and may be slowed by cold attacks.))


Message History

You are too injured to fight recklessly!
It was a potion of lignification.
You turn into a tree.
Your +0 cloak melds into your body.
Your roots penetrate the ground.
You feel very sick.
The orc hits you but does no damage. x2; You block the orc wizard's attack.
Unknown command.
You feel very mighty all of a sudden.
You feel very sick. You block the orc's attack.
The orc hits you but does no damage.
The orc wizard hits you but does no damage.
You are lethally poisoned!
You miss the orc wizard.
The orc wizard is heavily wounded.
* * * LOW HITPOINT WARNING * * *
You feel very sick. You block the orc's attack.
The orc hits you but does no damage. You block the orc wizard's attack.
The orc hits you from afar with a +0 trident.
* * * LOW HITPOINT WARNING * * *
You block the orc's attack.
You closely miss the orc wizard.
The orc wizard is heavily wounded.
* * * LOW HITPOINT WARNING * * *
You feel very sick.
The orc wizard hits you but does no damage.
The orc hits you but does no damage. x2
The orc wizard casts a spell.
The orc wizard flickers and vanishes!
Deactivating autopickup; reactivate with Ctrl-A.
You cannot move.
You cannot move.
You cannot move.
You cannot move.
You cannot move.
You cannot move.
You miss something.
* * * LOW HITPOINT WARNING * * *
You feel very sick. You block the orc's attack.
The orc hits you with a +0 short sword.
You die...

#............#
#..#..######.#
#..##.##
#......#
#######....###
#............+
#..........###
#..........#
#.....{♣...#
#.......o..#
#......o...#
#..........#
#..........#
...........#
...........#
...........#


You could see 2 orcs.

Vanquished Creatures
  Jessica (D:2)
  3 adders (D:2)
  4 worms
  A dart slug (D:2)
  3 ball pythons
  4 endoplasms
  2 giant cockroaches
  6 goblins
  3 hobgoblins (D:1)
  8 jackals
  4 kobolds
  3 quokkas
  2 bats (D:2)
  A frilled lizard (D:3)
  7 rats
52 creatures vanquished.

Notes
Turn   | Place    | Note
-------+----------+-------------------------------------------
     0 | D:1      | Kinoniko the Draconian Fighter began the quest for the Orb.
     0 | D:1      | Reached XP level 1. HP: 19/19 MP: 1/1
    38 | D:1      | Reached XP level 2. HP: 16/26 MP: 2/2
  1292 | D:2      | Reached XP level 3. HP: 25/31 MP: 3/3
  1440 | D:2      | Found Syrhelai's Distillery.
  2273 | D:2      | Noticed Jessica
  2281 | D:2      | Killed Jessica
  2282 | D:2      | Reached XP level 4. HP: 38/38 MP: 4/4
  2913 | D:3      | You fall into a shaft and drop 1 floor!
  2955 | D:4      | Found Aqasuir's Antique Armour Shop.
  3026 | D:3      | Slain by an orc

Illustrated notes

Levels and vault maps discovered:
D:1:      dpeg_arrival_ternary, layout_basic, amethyst_killhole,
          palyth_stone_intersect
D:2:      layout_basic, serial_shops, shop, minmay_quadrilaterals, uniq_jessica
D:3:      layout_basic, glass_columns_a
D:4:      layout_basic, serial_shops, shop

Skill      XL: |  1  2 |
---------------+-------+-----
Dodging        | 3 |  3.4
Long Blades    | 3 |  3.9
Fighting       | |  3.2
Shields        | |  3.6

Action                   |  1- 3 |  4- 6 || total
-------------------------+-------+-------++-------
Melee: Long sword        |   120 |    71 ||   191
       Tailslap          |    13 |     7 ||    20
  Use: Potion            |       |     2 ||     2
 Stab: Sleeping          |     1 |       ||     1
Armor: Skin              |    42 |    35 ||    77
Dodge: Dodged            |    44 |    38 ||    82
Block: Kite shield       |    73 |    51 ||   124
       Rpst.: Long sword |    10 |    16 ||    26
